 Dungeon Crawl Stone Soup version 0.22-a0-253-gf9d0ce5 (webtiles) character file.

242 BigZZ40 the Poker (level 6, -2/49 HPs)
             Began as a Merfolk Chaos Knight on Mar 2, 2018.
             Succumbed to a goblin's poison
             ... on level 2 of the Dungeon.
             The game lasted 00:08:56 (1675 turns).

BigZZ40 the Poker (Merfolk Chaos Knight)            Turns: 1675, Time: 00:08:57

Health: -2/49      AC:  9    Str: 14    XL:     6   Next: 9%
Magic:  6/6        EV:  7    Int: 11    God:    Xom [....*.]
Gold:   107        SH:  0    Dex: 14    Spells: 5/5 levels left

rFire    . . .     SeeInvis +   a - +1 spear (chaos)
rCold    . . .     Gourm    .   (no shield)
rNeg     . . .     Faith    .   y - +0 chain mail
rPois    .         Spirit   .   h - +0 helmet
rElec    .         Reflect  .   (no cloak)
rCorr    .         Harm     .   (no gloves)
MR       .....                  (no boots)
Stlth    ..........             (no amulet)
HPRegen  0.16/turn              d - ring of see invisible
MPRegen  0.10/turn              (no ring)

@: lethally poisoned (-2 -> -37), drained
A: change form in water, swift swim, stealthy swim
a: Renounce Religion


You were on level 2 of the Dungeon.
You worshipped Xom.
You were a beloved toy of Xom.
You were not hungry.

You visited 1 branch of the dungeon, and saw 2 of its levels.

You collected 107 gold pieces.

Inventory:

Hand Weapons
 a - a +1 spear of chaos (weapon)
 f - a +0 scythe
 g - a cursed +0 club
 s - a +1 hand axe of freezing
 v - a +0 whip
Missiles
 e - 72 stones (quivered)
 i - 29 bolts
Armour
 b - a +2 leather armour
 h - a +0 helmet (worn)
 q - a +0 robe
 r - a +0 ring mail
 w - a +0 robe
 y - a +0 chain mail (worn)
Jewellery
 d - a ring of see invisible (left hand)
 l - an uncursed amulet of regeneration {unknown}
 z - an uncursed ring of stealth {unknown}
Scrolls
 j - 2 scrolls of identify
 m - a scroll of remove curse {unknown}
 n - 5 scrolls of teleportation
 p - a scroll of enchant weapon
 t - a scroll of enchant armour {unknown}
Potions
 k - a potion of curing {unknown}
 o - a potion of cancellation {unknown}
 u - a potion of magic {unknown}
Comestibles
 c - 3 rations
 x - 6 chunks of flesh


   Skills:
 + Level 4.3(3.2) Fighting
 + Level 6.9(5.7) Polearms
 + Level 0.3(0.0) Throwing
 + Level 1.8(0.8) Armour
 + Level 3.8(2.7) Dodging
 + Level 1.7(0.7) Stealth


You had 5 spell levels left.
You didn't know any spells.

Dungeon Overview and Level Annotations

Branches:
Dungeon (2/15)

Altars:
Makhleb


Message History

You feel very sick. The goblin closely misses you.
Your chain mail prevents you from hitting the goblin.
* * * LOW HITPOINT WARNING * * *
You feel sick. The goblin barely misses you.
Some of the chunks of flesh in your inventory have rotted away.
You closely miss the goblin.
* * * LOW HITPOINT WARNING * * *
You feel very sick.
The goblin no longer looks unusually strong.
Your chain mail prevents you from hitting the goblin.
* * * LOW HITPOINT WARNING * * *
You feel sick.
The hobgoblin no longer looks unusually strong.
The goblin hits you but does no damage.
As you read the scroll labeled ULUTOPSOBO, it crumbles to dust.
It is a scroll of identify.
n - 5 scrolls of teleportation You die...
Xom giggles madly!

#.###.# #.##.#.#..#
#.###.###.##...)..#
###.......#.##.#.#..##
#.....#.#.#.##.....#.##
#.#.#...#.........###.#
##.......#.....####.#.#######
##..#.#...##...## ##>#.......
#........#####.## #......###
#.######## #@# ###.##.# # #.
########g# #.##.# # #
#.....ggg# #.##.###
#.#.#.#ggg# #.......
#.......gg.# ####.###
..#.#.#.....# #.#
.............# #.###
..#.#.#.(....'. ......
#..........?... ...###


You could see a hobgoblin and 7 goblins.

Vanquished Creatures
  Sigmund (D:2)
  Robin (D:2)
  2 adders (D:2)
  3 worms (D:2)
  2 leopard geckos (D:1)
  3 ball pythons (D:2)
  4 giant cockroaches
  8 goblins
  A hobgoblin (D:2)
  3 jackals (D:2)
  2 quokkas (D:2)
  5 bats
  2 frilled lizards
  6 kobolds
  3 rats
46 creatures vanquished.

Vanquished Creatures (others)
  A kobold (D:2)
1 creature vanquished.

Grand Total: 47 creatures vanquished

Notes
Turn   | Place    | Note
-------+----------+-------------------------------------------
     0 | D:1      | BigZZ40 the Merfolk Chaos Knight began the quest for the Orb.
     0 | D:1      | Reached XP level 1. HP: 18/18 MP: 1/1
    84 | D:1      | XOM: potion effect (invisibility)
   115 | D:1      | Reached XP level 2. HP: 23/25 MP: 2/2
   314 | D:1      | XOM: harmless Summ miscast
   721 | D:1      | XOM: mild Necr miscast
   727 | D:1      | XOM: cloud trail
   840 | D:2      | Noticed Sigmund
   891 | D:2      | Reached skill level 5 in Polearms
   891 | D:2      | Reached XP level 3. HP: 23/30 MP: 3/3
   898 | D:2      | XOM: harmless Fire miscast
   906 | D:2      | Killed Sigmund
   906 | D:2      | Reached skill level 6 in Polearms
   906 | D:2      | Reached skill level 1 in Armour
   906 | D:2      | Reached skill level 1 in Stealth
   906 | D:2      | Reached XP level 4. HP: 31/37 MP: 4/4
   906 | D:2      | Reached XP level 5. HP: 35/42 MP: 5/5
  1255 | D:2      | Found a burning altar of Makhleb.
  1547 | D:2      | Reached XP level 6. HP: 47/48 MP: 6/6
  1648 | D:2      | Noticed Robin
  1648 | D:2      | XOM: draining
  1664 | D:2      | Killed Robin
  1674 | D:2      | HP: 1/49 [poisoned by a goblin]
  1675 | D:2      | Succumbed to a goblin's poison

Vault maps used:
D:1:      dpeg_arrival_rooms_b
D:2:      serial_glass, glass_columns_a, glass_columns_a, glass_columns_a,
          glass_columns_c, glass_columns_b, glass_columns_a, glass_columns_b,
          glass_columns_a, glass_columns_b, glass_columns_a, bloody_makhleb,
          uniq_sigmund, uniq_robin

Skill      XL: |  1  2  3 |
---------------+----------+-----
Dodging        | 3 |  3.8
Polearms       | 5 6 |  6.9
Fighting       | 4 |  4.3
Armour         | 1 |  1.8
Stealth        | 1 |  1.7
Throwing       | |  0.3

Action                   |  1- 3 |  4- 6 || total
-------------------------+-------+-------++-------
Melee: Spear             |    63 |    90 ||   153
Throw: Stone             |     3 |     1 ||     4
  Use: Scroll            |     1 |     1 ||     2
 Stab: Invisible         |     3 |       ||     3
       Paralysed         |     1 |       ||     1
  Eat: Chunk             |       |     2 ||     2
Armor: Leather armour    |    10 |     1 ||    11
       Ring mail         |       |     8 ||     8
       Chain mail        |       |    26 ||    26
Dodge: Dodged            |    40 |    47 ||    87

Table legend:
 A = Spawn XP
 B = Non-spawn XP
 C = Spawn XP percentage of total XP
 D = Spawn monster count
 E = Non-spawn monster count
 F = Spawn count percentage of total count
 G = Total turns spent on level
                    A         B        C        D         E        F      G
               +---------+---------+-------+---------+---------+-------+---------
         Total |       0 |     347 |   0.0 |       0 |      47 |   0.0 |  1675
               +---------+---------+-------+---------+---------+-------+---------
           D:1 |       0 |      28 |   0.0 |       0 |      16 |   0.0 |   838
           D:2 |       0 |     319 |   0.0 |       0 |      31 |   0.0 |   837
               +---------+---------+-------+---------+---------+-------+---------
